 Dungeon Crawl Stone Soup version 0.29.1-2-gbd0b4ee654 (webtiles) character file.

Game seed: 18066242394222515777

48 adizb the Caller (level 3, 0/19 HPs)
             Began as a Deep Elf Summoner on Oct 29, 2022.
             Slain by a goblin
             ... wielding a +0 club
             ... led by Robin
              (5 damage)
             ... on level 2 of the Dungeon.
             The game lasted 00:10:23 (1133 turns).

adizb the Caller (Deep Elf Summoner)                Turns: 1133, Time: 00:10:24

Health: 0/19       AC:  2    Str:  5    XL:     3   Next: 50%
Magic:  7/10       EV: 13    Int: 19    God:
Gold:   136        SH:  0    Dex: 17    Spells: 8/9 levels left

rFire   . . .      SeeInvis .   c - +0 sling (freeze)
rCold   . . .      Faith    .   (no shield)
rNeg    . . .      Spirit   .   a - +0 robe
rPois   .          Reflect  .   (no helmet)
rElec   .          Harm     .   (no cloak)
rCorr   .          Rampage  .   (no gloves)
Will    .....                   (no boots)
Stlth   ++........              (no amulet)
HPRegen 0.06/turn               (no ring)
MPRegen 0.12/turn               (no ring)

@: no status effects
A: no striking features
a: no special abilities


You were on level 2 of the Dungeon.
You visited 1 branch of the dungeon, and saw 2 of its levels.

You collected 136 gold pieces.

Inventory:

Hand Weapons
 c - a +0 sling of freezing (weapon)
Armour
 a - a +0 robe (worn)
 j - a +0 leather armour
Magical Staves
 e - a staff of air
Scrolls
 d - a scroll of teleportation
 g - a scroll of blinking {unknown}
 i - a scroll of enchant armour {unknown}
 m - a scroll of identify {unknown}
Potions
 b - a potion of magic
 f - a potion of curing {unknown}
 h - a potion of resistance {unknown}
 k - a potion of berserk rage {unknown}
 l - a potion of mutation {unknown}


   Skills:
 + Level 1.7 Ranged Weapons
 + Level 2.9 Dodging
 - Level 2.4 Stealth
 + Level 3.9 Spellcasting
 + Level 4.9 Summonings


You had 8 spell levels left.
You knew the following spells:

 Your Spells              Type           Power      Damage    Failure   Level
a - Summon Small Mammal   Summ           88%        N/A       1%          1

Your spell library contained the following spells:

 Spells                   Type           Power      Damage    Failure   Level
 Call Imp                 Summ           22%        N/A       2%          2
 Call Canine Familiar     Summ           22%        N/A       5%          3
 Beastly Appendage        Tmut           6%         N/A       14%         1
 Summon Guardian Golem    Hex/Summ       13%        N/A       16%         3
 Wereblood                Tmut           3%         N/A       22%         2
 Spider Form              Tmut/Pois      3%         N/A       38%         3
 Summon Lightning Spire   Summ/Air       13%        N/A       45%         4


Dungeon Overview and Level Annotations

Branches:
Dungeon (2/15)

Altars:

Annotations:
D:2 Robin


Message History

The goblin closely misses your rat.
The goblin hits your rat with a +0 club.
Your rat dies!
Your rat's corpse disappears in a puff of smoke!
Your rat bites the goblin.
Casting: Summon Small Mammal (safe; 1% risk of failure)
Press: ? - help, Q - select action, (/) - cycle Dir - look around, f - activate The goblin hits your rat with a +0 dagger.
Your rat dies!
Your rat's corpse disappears in a puff of smoke!
You swap places.
Your rat bites the goblin.
Casting: Summon Small Mammal (safe; 1% risk of failure)
Press: ? - help, Q - select action, (/) - cycle Dir - look around, f - activate The goblin barely misses your rat.
Robin throws the goblin at you! The goblin completely misses you.
The goblin barely misses you.
Your rat barely misses the goblin.
Your bat closely misses the goblin.
The goblin hits your bat but does no damage.
The goblin closely misses your rat. The goblin barely misses your bat.
The hobgoblin barely misses your rat.
Your bat hits the goblin.
The goblin dies!
Fire: c) +0 sling (freeze)
Press: ? - help, Q - select action, (/) - cycle Shift-Dir - straight line, f - goblin
Aim: a goblin, wielding a +0 club (heavily wounded, strong, ally target, 47% to hit)
You shoot a sling bullet.
The sling bullet barely misses the goblin.
Your bat hits the goblin.
Your bat closely misses the goblin.
The goblin hits you but does no damage.
Your rat bites the goblin.
The goblin dies!
Fire: c) +0 sling (freeze)
Press: ? - help, Q - select action, (/) - cycle Shift-Dir - straight line, f - goblin
Aim: a goblin, wielding a +0 club (strong, 47% to hit)
You shoot a sling bullet.
The sling bullet closely misses the goblin.
Your bat hits the goblin. x2; Your bat hits the hobgoblin.
The goblin hits your rat with a +0 dagger.
Your rat dies!
Your rat's corpse disappears in a puff of smoke!
The goblin hits you with a +0 club.
You die...

########.g#
#.........# .#####†.##
#.## ####g########
#....g......#
##..†bg......#
#.....)§g....#
#[.....g@....#
##............# ###
###.............#
..####.........>.....#
..##.'...............#
..#..#....############
..#.##....#
..#.##....#
....##....#####


You could see Robin, 2 hobgoblins, 2 goblins and a friendly bat (summoned).

Vanquished Creatures
  An adder (D:2)
  3 ball pythons
  2 bats
  2 endoplasms (D:1)
  A giant cockroach (D:1)
  3 goblins (D:2)
  3 hobgoblins
  A quokka (D:1)
  A frilled lizard (D:1)
  A kobold (D:2)
  4 rats
22 creatures vanquished.

Vanquished Creatures (collateral kills)
  A dart slug (D:1)
  A bat (D:1)
  3 goblins
  2 quokkas (D:1)
  A frilled lizard (D:1)
  2 kobolds (D:1)
  A rat (D:1)
11 creatures vanquished.

Grand Total: 33 creatures vanquished

Notes
Turn   | Place    | Note
-------+----------+-------------------------------------------
     0 | D:1      | adizb the Deep Elf Summoner began the quest for the Orb.
     0 | D:1      | Reached XP level 1. HP: 10/10 MP: 6/6
   331 | D:1      | Reached XP level 2. HP: 3/15 MP: 5/8
   372 | D:1      | Reached skill level 1 in Ranged Weapons
   863 | D:2      | Reached XP level 3. HP: 19/19 MP: 10/10
  1122 | D:2      | Noticed Robin
  1133 | D:2      | Slain by a goblin

Illustrated notes

Levels and vault maps discovered:
D:1:      saegor_arrival_simple_d, layout_loops_ring, minmay_fountain_box
D:2:      layout_basic, basic_ecumenical_altar, uniq_natasha, uniq_robin,
          uniq_terence

Skill      XL: |  1  2 |
---------------+-------+-----
Ranged Weapons | 1 |  1.7
Dodging        | |  2.9
Stealth        | |  2.4
Spellcasting   | |  3.9
Summonings     | |  4.9

Action                   || total
-------------------------++-------
Melee: Unarmed           ||     1
 Fire: Sling             ||    53
 Cast: Summon Small Mamm ||    22
  Use: Scroll            ||     2
Armor: Robe              ||     5
Dodge: Dodged            ||    21
